 Dungeon Crawl Stone Soup version 0.31-a0-182-gc5ef74bbde (webtiles) character file.

Game seed: 12209277650189361227

175 qw the Chopper (level 5, 0/32 HPs)
             Began as a Gargoyle Fighter on June 20, 2023.
             Slain by a gnoll
             ... wielding a +0 spear
             ... led by a gnoll bouda
              (8 damage)
             ... on level 4 of the Dungeon.
             The game lasted 00:01:12 (2357 turns).

qw the Chopper (Gargoyle Fighter)                   Turns: 2357, Time: 00:01:12

Health: 0/32       AC: 13    Str: 21    XL:     5   Next: 55%
Magic:  5/5        EV:  7    Int:  9    God:
Gold:   223        SH:  4    Dex:  9    Spells: 4/4 levels left

rFire   . . .        Y - +0 war axe
rCold   + . .        c - +0 buckler
rNeg    + + .        a - +0 chain mail
rPois   inf          (no helmet)
rElec   +            (no cloak)
rCorr   .            (no gloves)
SInv    .            (no boots)
Will    .....        (no amulet) Stlth
                     h - ring of protection from cold
HPRegen 0.25/turn    b - ring of positive energy
MPRegen 0.09/turn

%: no passive effects
@: weak-willed
A: sickness immunity, AC +4, negative energy resistance 1, electricity
resistance, torment resistance 1, petrification resistance
a: no special abilities


You were on level 4 of the Dungeon.
You visited 1 branch of the dungeon, and saw 4 of its levels.

You collected 223 gold pieces.


Innate Abilities, Weirdness & Mutations

You are immune to sickness and miasma.
Your stone body is resilient. (AC +4)
You are immune to poison.
You resist negative energy. (rN+)
You are resistant to electric shocks. (rElec)
You are resistant to unholy torment.
You are immune to petrification.


   Skills:
 + Level 3.5 Fighting
 - Level 5.0 Axes
 - Level 3.2 Armour
 - Level 3.2 Shields


You had 4 spell levels left.
You didn't know any spells.
Your spell library was empty.

Inventory:

Hand Weapons
 j - a +0 mace
 Y - a +0 war axe (weapon)
Armour
 a - a +0 chain mail (worn)
 c - a +0 buckler (worn)
Jewellery
 b - a ring of positive energy (right hand)
 h - a ring of protection from cold (left hand)
Scrolls
 m - a scroll of identify
Potions
 d - a potion of might
 e - a potion of attraction {unknown}
 g - 2 potions of curing
 i - a potion of enlightenment {unknown}
 k - a potion of cancellation {unknown}
 p - a potion of ambrosia {unknown}

Dungeon Overview and Level Annotations

Branches:
Dungeon (4/15)
 Temple: D:4-7

Altars:

Annotations:
D:1 exclusion: 4 jackals


Message History

As you read the scroll labelled FADUIRCH INOYM, it crumbles to dust.
It was a scroll of blinking.
Done exploring.
2346 ||| DROPPING 2 scrolls of revelation.
You drop 2 scrolls of revelation.
Done exploring.
2347 ||| DROPPING scroll of vulnerability.
You drop a scroll of vulnerability.
Done exploring.
(D) Dungeon
Where to? (* - list waypoints, Enter - D:3, ? - help)
What level of the Dungeon? (default 1, ? - help)
There is a stone staircase leading down here.
You climb downwards.
The gnoll bouda shouts!
The gnoll shouts! x3; The orc shouts!
Found 7 gold pieces.
There is a stone staircase leading up here.
There are monsters nearby!
Waypoint 3 assigned to D:4.
The gnoll bouda barks out a call to the hunt!
The gnolls pick up the pace!
The gnoll hits you from afar with a +0 halberd!
The gnoll hits you but does no damage.
You hear a shout!
You hit the gnoll.
The gnoll is moderately wounded.
You hit the gnoll. The gnoll hits you but does no damage.
You block the gnoll's attack. x2
You hit the gnoll.
The gnoll is severely wounded.
You barely miss the orc. You slash the gnoll! x2
The gnoll hits you with a +0 whip. The gnoll hits you with a +0 spear.
The orc hits you but does no damage. The gnoll barely misses you.
The gnoll hits you with a +0 flail! The gnoll hits you but does no damage.
You closely miss the gnoll.
The gnoll is almost dead.
You closely miss the orc. You barely miss the gnoll.
You hit the gnoll but do no damage. The gnoll hits you with a +0 spear!
You die...

############
.......$ggg####
.......o@ggW..#
##########.##.#
#


You could see a phantom, a gnoll bouda, 4 gnolls and an orc.

Vanquished Creatures
  A black bear (D:3)
  3 adders
  A worm (D:2)
  2 dart slugs
  7 bats
  4 endoplasms
  3 giant cockroaches
  4 goblins
  5 hobgoblins
  6 jackals
  2 kobolds (D:2)
  A quokka (D:1)
  5 ball pythons
  A frilled lizard (D:1)
  4 rats
49 creatures vanquished.

Notes
Turn   | Place    | Note
-------+----------+-------------------------------------------
     0 | D:1      | qw the Gargoyle Fighter began the quest for the Orb.
     0 | D:1      | Reached XP level 1. HP: 14/14 MP: 1/1
     0 | D:1      | 0 ||| qw: Version: 0.3-a-9-g12657ce
     0 | D:1      | 0 ||| qw: Game counter: 1477
     0 | D:1      | 0 ||| qw: Always use a shield: true
     0 | D:1      | 0 ||| qw: God list: Okawaru
     0 | D:1      | 0 ||| qw: Allow faded altars: false
     0 | D:1      | 0 ||| qw: Do Orc after D:15 true
     0 | D:1      | 0 ||| qw: Do second Lair branch before Depths: true
     0 | D:1      | 0 ||| qw: Lair rune preference: random
     0 | D:1      | 0 ||| qw: Plans: Normal, Zot:1-4, Slime:5, God:TSO, Crypt,
                  | Tomb, Abyss, Pan, Hells, Win
     0 | D:1      | 0 ||| PLANNING D:1-11
    10 | D:1      | 10 ||| Stepping ~*~*~tactically~*~*~ (stealth).
    11 | D:1      | 11 ||| Stepping ~*~*~tactically~*~*~ (stealth).
    21 | D:1      | Reached skill level 2 in Axes
    54 | D:1      | Reached XP level 2. HP: 19/19 MP: 2/2
   450 | D:1      | Reached skill level 3 in Axes
   609 | D:1      | 609 ||| DROPPING +0 leather armour of poison resistance.
   610 | D:1      | 610 ||| READING scroll labelled GEXKAE SIULL.
   611 | D:1      | 611 ||| READING scroll labelled KIGINEN JYNN.
   662 | D:2      | 662 ||| Stepping ~*~*~tactically~*~*~ (stealth).
   663 | D:2      | 663 ||| Stepping ~*~*~tactically~*~*~ (stealth).
   669 | D:2      | Reached XP level 3. HP: 22/23 MP: 3/3
   765 | D:2      | 765 ||| Stepping ~*~*~tactically~*~*~ (stealth).
  1033 | D:2      | 1033 ||| Stepping ~*~*~tactically~*~*~ (hiding).
  1470 | D:2      | 1470 ||| UPGRADING to +0 chain mail.
  1480 | D:2      | 1480 ||| DROPPING +0 scale mail.
  1481 | D:2      | 1481 ||| UPGRADING to ring of protection from cold.
  1482 | D:2      | 1482 ||| READING scroll labelled NOODUA KUNNA.
  1483 | D:2      | 1483 ||| READING scroll labelled IKEMOGH JOSTYI.
  1484 | D:2      | 1484 ||| READING scroll labelled ALELUMOR WEAMI.
  1485 | D:2      | 1485 ||| DRINKING 2 fuming grey potions.
  1656 | D:3      | Reached XP level 4. HP: 28/28 MP: 4/4
  1693 | D:3      | 1693 ||| DROPPING +0 club.
  1850 | D:3      | Noticed a black bear
  1851 | D:3      | 1851 ||| Stepping ~*~*~tactically~*~*~ (stealth).
  1867 | D:3      | Killed a black bear
  1868 | D:3      | Reached skill level 4 in Axes
  1868 | D:3      | Reached XP level 5. HP: 17/32 MP: 5/5
  1877 | D:3      | Reached skill level 5 in Axes
  1888 | D:3      | 1888 ||| Stepping ~*~*~tactically~*~*~ (stealth).
  1894 | D:3      | 1894 ||| Stepping ~*~*~tactically~*~*~ (stealth).
  1945 | D:3      | 1945 ||| DROPPING +0 whip.
  1948 | D:3      | 1948 ||| Stepping ~*~*~tactically~*~*~ (stealth).
  2049 | D:3      | 2049 ||| Stepping ~*~*~tactically~*~*~ (stealth).
  2341 | D:3      | 2341 ||| DROPPING orb of guile.
  2342 | D:3      | 2342 ||| UPGRADING to ring of positive energy.
  2343 | D:3      | 2343 ||| READING 3 scrolls labelled JUSILOUKKU.
  2344 | D:3      | 2344 ||| READING 2 scrolls labelled BUVAFI FOBIAH.
  2345 | D:3      | 2345 ||| READING scroll labelled FADUIRCH INOYM.
  2346 | D:3      | 2346 ||| DROPPING 2 scrolls of revelation.
  2347 | D:3      | 2347 ||| DROPPING scroll of vulnerability.
  2353 | D:4      | Noticed a phantom
  2356 | D:4      | HP: 7/32 [gnoll/+0 flail[a gnoll bouda] (8)]
  2357 | D:4      | Slain by a gnoll

Levels and vault maps discovered:
D:1:      ebering_trefoil_twist, layout_basic
D:2:      layout_loops_ring, minivault_27, amcnicky_mini_pool_small
D:3:      layout_loops_ring, minivault_5, minmay_fractal_squares_diagonal_5
D:4:      layout_loops_ring

Skill      XL: |  1  2  3  4  5 |
---------------+----------------+-----
Axes           | 2 3 4 5 |  5.0
Fighting       | |  3.5
Armour         | |  3.2
Shields        | |  3.2

Action                     |  1- 3 |  4- 6 || total
---------------------------+-------+-------++-------
  Melee: War axe           |   115 |    50 ||   165
    Use: Scroll            |     5 |     3 ||     8
         Potion            |     1 |       ||     1
 Armour: Scale mail        |    82 |       ||    82
         Chain mail        |     2 |    35 ||    37
  Dodge: Dodged            |    65 |    18 ||    83
  Block: Buckler           |    16 |    13 ||    29

Table legend:
 A = Non-vault XP
 B = Vault XP
 C = Vault XP percentage of total XP
 D = Non-vault monster count
 E = Vault monster count
 F = Vault count percentage of total count
                 A         B        C        D         E       F
            +---------+---------+-------+---------+---------+-------
      Total |     103 |     147 |  58.8 |      42 |       7 |  14.3
            +---------+---------+-------+---------+---------+-------
        D:1 |      31 |       0 |   0.0 |      17 |       0 |   0.0
        D:2 |      48 |       0 |   0.0 |      18 |       0 |   0.0
        D:3 |      24 |     147 |  86.0 |       7 |       7 |  50.0
            +---------+---------+-------+---------+---------+-------
